3089 views
Uploaded 2020-04-27 14:45:10
Game version 1.32.3
21:57 long 3on3 ladder game on (8)Mur'gulOasis_LV
Saved by Claims
3089 views
Uploaded 2020-04-27 14:45:10
Game version 1.32.3
21:57 long 3on3 ladder game on (8)Mur'gulOasis_LV


165 units @ 24.3k
/ 3.6k
48 buildings @ 6.9k
/ 2.5k

| Lesser Clarity Potion | 3 | 210 |
| Scroll of Speed | 1 | 50 |
| total: | 4 | 260g |
| Peasant | 8 | 600 | / | 0 |
| Rifleman | 26 | 5330 | / | 780 |
| Priest | 13 | 1755 | / | 130 |
| Mortar Team | 8 | 1440 | / | 560 |
| total: | 55 | 9125g | / | 1470w |
| Barracks | 1 | 160 | / | 60 |
| Blacksmith | 1 | 140 | / | 60 |
| Farm | 11 | 880 | / | 220 |
| Altar of Kings | 1 | 180 | / | 50 |
| Arcane Vault | 1 | 130 | / | 30 |
| Lumber Mill | 1 | 120 | / | 0 |
| Town Hall | 1 | 385 | / | 205 |
| Arcane Sanctum | 1 | 150 | / | 140 |
| Workshop | 1 | 140 | / | 140 |
| Keep | 1 | 320 | / | 210 |
| Castle | 1 | 360 | / | 210 |
| total: | 19 | 2285g | / | 905w |
| 0:03 | Peasant |
| 0:10 | Peasant |
| 0:14 | Peasant |
| 0:23 | Peasant |
| 0:40 | Peasant |
| 0:49 | Barracks |
| 0:52 | Blacksmith |
| 1:00 | Peasant |
| 1:10 | Farm |
| 1:14 | Peasant |
| 1:22 | Altar of Kings |
| 1:26 | Farm |
| 1:35 | Peasant |
| 2:01 | Farm |
| 2:06 | Rifleman |
| 2:28 | Farm |
| 2:30 | Rifleman |
| 2:47 | Rifleman |
| 3:03 | Farm |
| 3:18 | Rifleman |
| 3:34 | Holy Light |
| 3:42 | Rifleman |
| 4:00 | Keep |
| 4:15 | Devotion Aura |
| 4:19 | Rifleman |
| 4:47 | Rifleman |
| 4:50 | Black Gunpowder |
| 5:20 | Holy Light |
| 5:39 | Rifleman |
| 5:41 | Arcane Vault |
| 5:43 | Farm |
| 5:45 | Studded Leather Armor |
| 6:35 | Devotion Aura |
| 6:36 | Rifleman |
| 6:37 | Long Rifles |
| 6:38 | Rifleman |
| 6:40 | Refined Gunpowder |
| 6:44 | Lumber Mill |
| 6:46 | Farm |
| 6:54 | Arcane Sanctum |
| 7:25 | Rifleman |
| 8:39 | Rifleman |
| 9:20 | Rifleman |
| 9:21 | Priest |
| 9:52 | Rifleman |
| 9:54 | Priest |
| 9:54 | Priest |
| 9:57 | Farm |
| 9:59 | Farm |
| 10:14 | Rifleman |
| 10:17 | Workshop |
| 11:00 | Rifleman |
| 11:00 | Priest |
| 11:08 | Holy Light |
| 11:41 | Rifleman |
| 11:42 | Priest |
| 11:42 | Priest Adept Training |
| 11:44 | Mortar Team |
| 12:23 | Rifleman |
| 12:24 | Priest |
| 12:26 | Mortar Team |
| 12:30 | Farm |
| 13:02 | Castle |
| 13:16 | Farm |
| 13:32 | Lesser Clarity Potion |
| 13:45 | Scroll of Speed |
| 15:08 | Resurrection |
| 15:23 | Rifleman |
| 15:24 | Priest |
| 15:46 | Town Hall |
| 15:51 | Rifleman |
| 15:53 | Mortar Team |
| 15:53 | Fragmentation Shards |
| 16:02 | Lesser Clarity Potion |
| 16:05 | Lesser Clarity Potion |
| 16:16 | Priest |
| 16:36 | Rifleman |
| 17:02 | Mortar Team |
| 17:16 | Priest |
| 17:44 | Rifleman |
| 17:47 | Priest Master Training |
| 19:02 | Rifleman |
| 19:03 | Priest |
| 19:08 | Mortar Team |
| 19:54 | Devotion Aura |
| 20:18 | Rifleman |
| 20:26 | Priest |
| 20:26 | Mortar Team |
| 21:38 | Rifleman |
| 21:39 | Priest |
| 21:40 | Mortar Team |
| 21:48 | Priest |
| 21:49 | Rifleman |
| 21:50 | Mortar Team |
| 21:57 | Imbued Gunpowder |
| Right click | 888 |
| Select | 272 |
| Select group | 154 |
| Build/train/purchase | 88 |
| Assign group | 41 |
| Use ability | 33 |
| Resource trade | 22 |
| Item give/drop | 5 |
| Remove unit | 3 |

| Healing Salve | 2 | 200 |
| Scroll of Speed | 3 | 150 |
| Lesser Clarity Potion | 2 | 140 |
| Potion of Healing | 4 | 600 |
| Potion of Mana | 2 | 400 |
| total: | 13 | 1490g |
| Peon | 12 | 900 | / | 0 |
| Troll Headhunter | 16 | 2240 | / | 320 |
| Troll Berserker | 25 | 3500 | / | 500 |
| Shaman | 8 | 1040 | / | 160 |
| total: | 61 | 7680g | / | 980w |
| Watch Tower | 2 | 220 | / | 160 |
| Orc Burrow | 6 | 960 | / | 240 |
| War Mill | 1 | 205 | / | 0 |
| Barracks | 1 | 180 | / | 50 |
| Altar of Storms | 1 | 180 | / | 50 |
| Voodoo Lounge | 4 | 520 | / | 120 |
| Spirit Lodge | 1 | 150 | / | 150 |
| Stronghold | 1 | 315 | / | 190 |
| Fortress | 2 | 650 | / | 380 |
| total: | 16 | 2415g | / | 770w |
| 0:03 | Peon |
| 0:03 | Peon |
| 0:16 | Orc Burrow |
| 0:20 | Peon |
| 0:30 | Peon |
| 0:46 | War Mill |
| 0:50 | Barracks |
| 0:54 | Peon |
| 1:07 | Altar of Storms |
| 1:17 | Peon |
| 1:29 | Peon |
| 1:37 | Orc Burrow |
| 1:44 | Peon |
| 1:59 | Troll Headhunter |
| 2:18 | Troll Headhunter |
| 2:37 | Troll Headhunter |
| 2:59 | Stronghold |
| 3:07 | Endurance Aura |
| 3:12 | Voodoo Lounge |
| 3:31 | Troll Headhunter |
| 3:59 | Voodoo Lounge |
| 4:03 | Orc Burrow |
| 4:13 | Troll Headhunter |
| 4:30 | Troll Headhunter |
| 4:38 | War Stomp |
| 5:03 | Steel Ranged Weapons |
| 5:07 | Healing Salve |
| 5:13 | Scroll of Speed |
| 5:13 | Lesser Clarity Potion |
| 5:25 | Fortress |
| 5:42 | Troll Headhunter |
| 6:18 | Potion of Healing |
| 6:46 | War Stomp |
| 7:07 | Peon |
| 7:07 | Peon |
| 7:32 | Voodoo Lounge |
| 7:36 | Peon |
| 7:45 | Troll Headhunter |
| 8:03 | Troll Headhunter |
| 8:20 | Troll Headhunter |
| 8:26 | Peon |
| 8:52 | Troll Headhunter |
| 9:29 | Troll Headhunter |
| 9:33 | Fortress |
| 9:44 | Endurance Aura |
| 9:51 | Troll Headhunter |
| 9:55 | Lesser Clarity Potion |
| 9:56 | Healing Salve |
| 10:04 | Watch Tower |
| 10:47 | Watch Tower |
| 10:50 | Potion of Healing |
| 10:50 | Scroll of Speed |
| 11:07 | Troll Headhunter |
| 11:25 | Troll Headhunter |
| 12:19 | Voodoo Lounge |
| 12:21 | Orc Burrow |
| 12:31 | Berserker Upgrade |
| 12:37 | Orc Burrow |
| 12:42 | Thorium Ranged Weapons |
| 12:46 | Troll Headhunter |
| 13:12 | Spirit Lodge |
| 13:13 | Troll Berserker |
| 13:32 | Potion of Healing |
| 13:41 | Potion of Mana |
| 13:43 | Troll Berserker |
| 13:52 | Troll Berserker |
| 14:55 | Endurance Aura |
| 15:04 | Troll Berserker |
| 15:04 | Troll Berserker |
| 15:26 | Troll Berserker |
| 15:26 | Troll Berserker |
| 15:27 | Shaman |
| 15:27 | Shaman Adept Training |
| 15:37 | Potion of Healing |
| 15:54 | Troll Berserker |
| 16:13 | Steel Armor |
| 16:40 | Troll Berserker |
| 16:43 | Shaman |
| 16:50 | Potion of Mana |
| 16:51 | Scroll of Speed |
| 17:01 | Troll Berserker |
| 17:14 | Shaman Master Training |
| 17:36 | Troll Berserker |
| 18:04 | Troll Berserker |
| 18:08 | Orc Burrow |
| 18:48 | Troll Berserker |
| 19:04 | Troll Berserker |
| 19:06 | Shaman |
| 19:14 | Troll Berserker |
| 19:15 | Shaman |
| 19:49 | Reincarnation |
| 20:11 | Troll Berserker |
| 20:26 | Troll Berserker |
| 20:26 | Troll Berserker |
| 20:32 | Troll Berserker |
| 20:32 | Troll Berserker |
| 20:34 | Shaman |
| 20:56 | War Stomp |
| 21:02 | Troll Berserker |
| 21:02 | Troll Berserker |
| 21:03 | Shaman |
| 21:29 | Troll Berserker |
| 21:31 | Shockwave |
| 21:35 | Troll Berserker |
| 21:36 | Shaman |
| 21:44 | Troll Berserker |
| 21:47 | Shaman |
| Assign group | 1671 |
| Right click | 1252 |
| Select | 390 |
| Select group | 360 |
| Misc. action | 345 |
| Build/train/purchase | 157 |
| Chat | 55 |
| Use ability | 25 |
| Item give/drop | 3 |
| Esc | 2 |
| Remove unit | 1 |

| Staff of Preservation | 1 | 150 |
| Orb of Venom | 1 | 325 |
| Lesser Clarity Potion | 1 | 70 |
| Scroll of Town Portal | 1 | 350 |
| Healing Salve | 1 | 100 |
| total: | 5 | 995g |
| Wisp | 12 | 720 | / | 0 |
| Archer | 28 | 3640 | / | 280 |
| Mountain Giant | 9 | 3150 | / | 900 |
| total: | 49 | 7510g | / | 1180w |
| Altar of Elders | 1 | 180 | / | 50 |
| Moon Well | 7 | 1260 | / | 280 |
| Ancient of War | 1 | 150 | / | 60 |
| Hunter's Hall | 1 | 210 | / | 100 |
| Ancient of Wonders | 1 | 90 | / | 30 |
| Ancient of Lore | 2 | 310 | / | 290 |
| Tree of Ages | 1 | 320 | / | 180 |
| Tree of Eternity | 1 | 330 | / | 200 |
| total: | 13 | 2200g | / | 810w |
| 0:01 | Wisp |
| 0:03 | Altar of Elders |
| 0:09 | Wisp |
| 0:16 | Moon Well |
| 0:21 | Wisp |
| 0:34 | Wisp |
| 0:41 | Ancient of War |
| 0:47 | Wisp |
| 1:04 | Wisp |
| 1:12 | Wisp |
| 1:24 | Wisp |
| 1:31 | Moon Well |
| 1:36 | Wisp |
| 1:43 | Archer |
| 2:05 | Trueshot Aura |
| 2:23 | Wisp |
| 2:23 | Archer |
| 2:37 | Tree of Ages |
| 2:40 | Archer |
| 2:57 | Archer |
| 3:09 | Searing Arrows |
| 3:16 | Archer |
| 3:24 | Hunter's Hall |
| 3:42 | Moon Well |
| 4:31 | Strength of the Moon |
| 4:35 | Archer |
| 5:00 | Trueshot Aura |
| 5:01 | Archer |
| 5:01 | Archer |
| 5:11 | Tree of Eternity |
| 5:17 | Ancient of Lore |
| 5:20 | Ancient of Wonders |
| 5:44 | Ancient of Lore |
| 6:38 | Archer |
| 6:39 | Mountain Giant |
| 6:48 | Archer |
| 6:56 | Archer |
| 7:17 | Mountain Giant |
| 8:13 | Resistant Skin |
| 8:20 | Scout |
| 8:29 | Mountain Giant |
| 8:44 | Reinforced Hides |
| 8:53 | Wisp |
| 8:53 | Wisp |
| 9:16 | Marksmanship |
| 9:32 | Moon Well |
| 9:56 | Scroll of Town Portal |
| 10:06 | Staff of Preservation |
| 10:18 | Orb of Venom |
| 10:30 | Hardened Skin |
| 11:15 | Archer |
| 11:31 | Mountain Giant |
| 11:45 | Trueshot Aura |
| 11:50 | Archer |
| 12:27 | Mountain Giant |
| 12:31 | Archer |
| 12:33 | Archer |
| 13:14 | Mountain Giant |
| 13:21 | Improved Reinforced Hides |
| 13:27 | Lesser Clarity Potion |
| 13:56 | Moon Well |
| 15:30 | Archer |
| 15:30 | Mountain Giant |
| 16:05 | Archer |
| 16:07 | Mountain Giant |
| 16:40 | Healing Salve |
| 16:50 | Archer |
| 16:51 | Improved Bows |
| 17:08 | Advanced Reinforced Hides |
| 17:50 | Archer |
| 17:50 | Archer |
| 18:40 | Starfall |
| 19:02 | Archer |
| 19:02 | Archer |
| 19:03 | Mountain Giant |
| 19:18 | Archer |
| 20:15 | Searing Arrows |
| 20:26 | Archer |
| 20:26 | Archer |
| 20:37 | Searing Arrows |
| 21:01 | Archer |
| 21:01 | Archer |
| 21:05 | Moon Well |
| 21:05 | Moon Well |
| 21:49 | Archer |
| 21:52 | Strength of the Wild |
| Right click | 1643 |
| Select group | 1142 |
| Select | 515 |
| Assign group | 281 |
| Build/train/purchase | 116 |
| Misc. action | 95 |
| Chat | 38 |
| Use ability | 18 |
| Resource trade | 8 |
| Esc | 2 |
| Minimap ping | 2 |
| Item give/drop | 1 |
116 units @ 18.6k
/ 2.6k
50 buildings @ 6.6k
/ 2.9k



| Scroll of Regeneration | 2 | 200 |
| Lesser Clarity Potion | 3 | 210 |
| Potion of Healing | 1 | 150 |
| Staff of Sanctuary | 1 | 250 |
| total: | 7 | 810g |
| Peasant | 9 | 675 | / | 0 |
| Footman | 8 | 1080 | / | 0 |
| Rifleman | 18 | 3690 | / | 540 |
| Priest | 4 | 540 | / | 40 |
| Spell Breaker | 3 | 645 | / | 90 |
| total: | 42 | 6630g | / | 670w |
| Scout Tower | 1 | 30 | / | 20 |
| Arcane Tower | 1 | 70 | / | 50 |
| Altar of Kings | 1 | 180 | / | 50 |
| Barracks | 1 | 160 | / | 60 |
| Farm | 10 | 800 | / | 200 |
| Arcane Vault | 1 | 130 | / | 30 |
| Blacksmith | 1 | 140 | / | 60 |
| Town Hall | 1 | 385 | / | 205 |
| Arcane Sanctum | 2 | 300 | / | 280 |
| Keep | 1 | 320 | / | 210 |
| Castle | 2 | 720 | / | 420 |
| total: | 18 | 2125g | / | 905w |
| 0:04 | Peasant |
| 0:05 | Altar of Kings |
| 0:07 | Peasant |
| 0:20 | Barracks |
| 0:28 | Peasant |
| 0:35 | Farm |
| 0:41 | Peasant |
| 0:51 | Peasant |
| 0:52 | Farm |
| 1:05 | Peasant |
| 1:32 | Footman |
| 1:36 | Peasant |
| 1:41 | Scout Tower |
| 1:45 | Footman |
| 1:56 | Peasant |
| 2:01 | Farm |
| 2:07 | Summon Water Elemental |
| 2:33 | Arcane Tower |
| 2:56 | Keep |
| 2:59 | Footman |
| 3:13 | Footman |
| 3:32 | Footman |
| 3:55 | Footman |
| 4:02 | Arcane Vault |
| 4:07 | Blacksmith |
| 4:18 | Footman |
| 4:19 | Defend |
| 4:26 | Brilliance Aura |
| 4:41 | Farm |
| 4:42 | Farm |
| 5:12 | Footman |
| 5:22 | Rifleman |
| 5:43 | Rifleman |
| 6:26 | Rifleman |
| 6:56 | Rifleman |
| 7:04 | Rifleman |
| 7:13 | Arcane Sanctum |
| 7:49 | Scroll of Regeneration |
| 7:49 | Lesser Clarity Potion |
| 8:15 | Summon Water Elemental |
| 8:33 | Scroll of Regeneration |
| 8:42 | Rifleman |
| 8:51 | Storm Bolt |
| 9:11 | Lesser Clarity Potion |
| 9:12 | Potion of Healing |
| 9:20 | Rifleman |
| 9:49 | Rifleman |
| 10:13 | Castle |
| 10:13 | Backpack |
| 11:05 | Rifleman |
| 11:17 | Rifleman |
| 11:58 | Rifleman |
| 12:01 | Castle |
| 12:14 | Farm |
| 12:17 | Priest |
| 12:18 | Arcane Sanctum |
| 12:24 | Rifleman |
| 12:40 | Rifleman |
| 12:52 | Priest |
| 13:18 | Farm |
| 13:19 | Farm |
| 13:33 | Black Gunpowder |
| 13:35 | Long Rifles |
| 14:09 | Rifleman |
| 15:00 | Rifleman |
| 15:03 | Thunder Clap |
| 15:10 | Rifleman |
| 15:24 | Rifleman |
| 15:31 | Brilliance Aura |
| 15:58 | Refined Gunpowder |
| 16:04 | Farm |
| 16:05 | Farm |
| 17:12 | Town Hall |
| 17:22 | Priest |
| 17:22 | Priest Adept Training |
| 17:24 | Priest |
| 17:45 | Holy Light |
| 18:02 | Spell Breaker |
| 18:08 | Storm Bolt |
| 20:39 | Rifleman |
| 20:42 | Spell Breaker |
| 20:42 | Spell Breaker |
| 21:06 | Lesser Clarity Potion |
| 21:09 | Staff of Sanctuary |
| 21:34 | Peasant |
| Right click | 704 |
| Select | 406 |
| Select group | 203 |
| Misc. action | 172 |
| Build/train/purchase | 107 |
| Assign group | 42 |
| Chat | 24 |
| Use ability | 21 |
| Esc | 1 |
| Minimap ping | 1 |


| Rod of Necromancy | 2 | 300 |
| Potion of Healing | 1 | 150 |
| Potion of Mana | 2 | 400 |
| Scroll of Town Portal | 1 | 350 |
| total: | 6 | 1200g |
| Acolyte | 2 | 150 | / | 0 |
| Ghoul | 3 | 360 | / | 0 |
| Crypt Fiend | 11 | 2365 | / | 440 |
| Obsidian Statue | 2 | 400 | / | 70 |
| Necromancer | 6 | 870 | / | 120 |
| Banshee | 4 | 620 | / | 120 |
| total: | 28 | 4765g | / | 750w |
| Crypt | 1 | 200 | / | 50 |
| Graveyard | 1 | 215 | / | 0 |
| Altar of Darkness | 1 | 180 | / | 50 |
| Ziggurat | 6 | 900 | / | 300 |
| Tomb of Relics | 1 | 130 | / | 30 |
| Slaughterhouse | 1 | 140 | / | 135 |
| Temple of the Damned | 2 | 310 | / | 280 |
| Halls of the Dead | 1 | 320 | / | 210 |
| Black Citadel | 1 | 325 | / | 230 |
| total: | 13 | 2075g | / | 845w |
| 0:04 | Acolyte |
| 0:08 | Crypt |
| 0:12 | Graveyard |
| 0:32 | Altar of Darkness |
| 0:53 | Ziggurat |
| 1:11 | Ghoul |
| 1:25 | Tomb of Relics |
| 1:37 | Acolyte |
| 2:01 | Crypt Fiend |
| 2:18 | Ziggurat |
| 2:30 | Ghoul |
| 2:44 | Rod of Necromancy |
| 2:53 | Death Coil |
| 3:11 | Crypt Fiend |
| 3:44 | Crypt Fiend |
| 4:00 | Halls of the Dead |
| 4:14 | Unholy Aura |
| 4:26 | Crypt Fiend |
| 5:44 | Crypt Fiend |
| 6:02 | Death Coil |
| 6:06 | Ziggurat |
| 6:25 | Rod of Necromancy |
| 6:32 | Slaughterhouse |
| 6:34 | Temple of the Damned |
| 6:35 | Temple of the Damned |
| 6:42 | Ziggurat |
| 6:57 | Ghoul |
| 7:40 | Obsidian Statue |
| 7:44 | Necromancer |
| 7:47 | Necromancer |
| 7:48 | Necromancer Adept Training |
| 8:15 | Frost Nova |
| 9:47 | Necromancer |
| 9:58 | Obsidian Statue |
| 9:59 | Crypt Fiend |
| 10:01 | Creature Carapace |
| 10:06 | Black Citadel |
| 10:25 | Crypt Fiend |
| 12:18 | Unholy Aura |
| 12:22 | Crypt Fiend |
| 12:23 | Banshee Adept Training |
| 12:27 | Improved Creature Carapace |
| 12:27 | Crypt Fiend |
| 12:30 | Necromancer Master Training |
| 12:32 | Skeletal Mastery |
| 12:40 | Scroll of Town Portal |
| 12:58 | Ziggurat |
| 12:58 | Ziggurat |
| 13:05 | Necromancer |
| 13:28 | Creature Attack |
| 14:12 | Frost Armor |
| 14:21 | Banshee Master Training |
| 14:55 | Frost Nova |
| 15:23 | Necromancer |
| 15:23 | Necromancer |
| 15:48 | Banshee |
| 15:48 | Banshee |
| 16:02 | Crypt Fiend |
| 16:02 | Crypt Fiend |
| 16:27 | Banshee |
| 17:06 | Death Coil |
| 17:09 | Banshee |
| 17:12 | Frost Armor |
| 17:25 | Web |
| 20:16 | Frost Nova |
| 20:45 | Potion of Healing |
| 20:48 | Potion of Mana |
| 21:25 | Potion of Mana |
| Right click | 658 |
| Select group | 507 |
| Select | 266 |
| Misc. action | 263 |
| Build/train/purchase | 87 |
| Use ability | 45 |
| Assign group | 37 |
| Remove unit | 4 |
| Item give/drop | 3 |
| Minimap ping | 1 |



| Scroll of Regeneration | 2 | 200 |
| Potion of Healing | 1 | 150 |
| total: | 3 | 350g |
| Peasant | 10 | 750 | / | 0 |
| Footman | 16 | 2160 | / | 0 |
| Mortar Team | 7 | 1260 | / | 490 |
| Knight | 11 | 2695 | / | 660 |
| Rifleman | 1 | 205 | / | 30 |
| Flying Machine | 1 | 100 | / | 30 |
| total: | 46 | 7170g | / | 1210w |
| Altar of Kings | 1 | 180 | / | 50 |
| Barracks | 1 | 160 | / | 60 |
| Farm | 9 | 720 | / | 180 |
| Arcane Vault | 1 | 130 | / | 30 |
| Lumber Mill | 1 | 120 | / | 0 |
| Blacksmith | 1 | 140 | / | 60 |
| Town Hall | 1 | 385 | / | 205 |
| Workshop | 4 | 560 | / | 560 |
| Keep | 1 | 320 | / | 210 |
| Castle | 1 | 360 | / | 210 |
| total: | 19 | 2395g | / | 1145w |
| 0:02 | Peasant |
| 0:02 | Peasant |
| 0:06 | Altar of Kings |
| 0:18 | Barracks |
| 0:25 | Peasant |
| 0:33 | Farm |
| 0:37 | Peasant |
| 0:48 | Peasant |
| 0:55 | Peasant |
| 1:04 | Farm |
| 1:14 | Peasant |
| 1:20 | Footman |
| 1:28 | Peasant |
| 1:36 | Footman |
| 1:47 | Footman |
| 1:54 | Farm |
| 2:10 | Blizzard |
| 2:17 | Footman |
| 2:29 | Peasant |
| 2:30 | Footman |
| 2:33 | Arcane Vault |
| 3:15 | Peasant |
| 3:19 | Brilliance Aura |
| 3:27 | Lumber Mill |
| 3:31 | Keep |
| 3:57 | Blizzard |
| 3:58 | Footman |
| 4:02 | Defend |
| 4:04 | Scroll of Regeneration |
| 4:12 | Farm |
| 4:16 | Blacksmith |
| 4:19 | Footman |
| 4:33 | Footman |
| 4:36 | Farm |
| 4:37 | Farm |
| 4:46 | Scroll of Regeneration |
| 5:02 | Footman |
| 5:54 | Footman |
| 5:54 | Footman |
| 6:54 | Holy Light |
| 7:08 | Footman |
| 7:25 | Workshop |
| 7:25 | Workshop |
| 7:28 | Workshop |
| 7:28 | Workshop |
| 7:29 | Castle |
| 7:30 | Iron Forged Swords |
| 8:34 | Potion of Healing |
| 8:36 | Footman |
| 8:37 | Footman |
| 8:37 | Footman |
| 8:42 | Mortar Team |
| 9:21 | Mortar Team |
| 9:38 | Brilliance Aura |
| 9:56 | Knight |
| 9:59 | Farm |
| 10:28 | Knight |
| 10:55 | Footman |
| 10:56 | Knight |
| 12:25 | Farm |
| 12:26 | Farm |
| 12:28 | Fragmentation Shards |
| 12:34 | Flare |
| 12:36 | Iron Plating |
| 13:12 | Devotion Aura |
| 13:31 | Animal War Training |
| 14:04 | Knight |
| 14:04 | Mortar Team |
| 14:54 | Holy Light |
| 14:57 | Knight |
| 15:00 | Blizzard |
| 15:27 | Storm Bolt |
| 15:41 | Mortar Team |
| 15:55 | Knight |
| 16:59 | Steel Forged Swords |
| 17:02 | Bash |
| 17:15 | Knight |
| 17:29 | Town Hall |
| 18:09 | Steel Plating |
| 19:01 | Knight |
| 19:02 | Rifleman |
| 20:00 | Knight |
| 20:00 | Mortar Team |
| 20:35 | Knight |
| 20:36 | Mortar Team |
| 20:36 | Flying Machine |
| 21:22 | Knight |
| 21:43 | Mortar Team |
| Select group | 1031 |
| Right click | 901 |
| Misc. action | 611 |
| Select | 596 |
| Chat | 204 |
| Build/train/purchase | 124 |
| Use ability | 76 |
| Assign group | 43 |
| Esc | 8 |
| Minimap ping | 2 |
| Item give/drop | 1 |